 Dungeon Crawl Stone Soup version 0.24.1-14-gf8d2b509d9 (webtiles) character file.

Game seed: 15245837093203776259, levelgen mode: deterministic

291 Gwenloh the Skirmisher (level 6, -2/39 HPs)
             Began as a Gargoyle Fighter on May 20, 2020.
             Killed by divine providence
             ... invoked by an orc priest
              (12 damage)
             ... on level 4 of the Dungeon.
             The game lasted 00:05:48 (2651 turns).

Gwenloh the Skirmisher (Gargoyle Fighter)           Turns: 2651, Time: 00:05:48

Health: -2/39      AC: 14    Str: 20    XL:     6   Next: 32%
Magic:  6/6        EV:  7    Int:  8    God:
Gold:   85         SH: 10    Dex: 16    Spells: 5/5 levels left

rFire    . . .     SeeInvis .   a - +0 war axe
rCold    . . .     Gourm    .   c - +0 shield
rNeg     + . .     Faith    .   b - +0 scale mail
rPois    ∞         Spirit   .   s - +0 helmet
rElec    +         Reflect  .   (no cloak)
rCorr    .         Harm     .   (no gloves)
MR       .....                  h - +0 pair of boots
Stlth    ..........             (no amulet)
HPRegen  0.13/turn              q - +5 ring of dexterity
MPRegen  0.10/turn              (no ring)

@: no status effects
A: negative energy resistance 1, electricity resistance, unbreathing,
petrification resistance, rot immunity, AC +4
a: no special abilities


You were on level 4 of the Dungeon.
You were not hungry.

You visited 1 branch of the dungeon, and saw 4 of its levels.

You collected 85 gold pieces.

Inventory:

Hand Weapons
 a - a +0 war axe (weapon)
 p - a +0 flail
Missiles
 g - 134 stones
 A - 8 poisoned darts (quivered)
 C - 4 boomerangs
Armour
 b - a +0 scale mail (worn)
 c - a +0 shield (worn)
 h - a +0 pair of boots (worn)
 s - a +0 helmet (worn)
Jewellery
 q - a +5 ring of dexterity (left hand)
Wands
 u - a wand of acid (9)
 x - a wand of flame (19)
 y - a wand of polymorph (11)
Scrolls
 e - a scroll of magic mapping {unknown}
 i - 6 scrolls of identify {unknown}
 j - 3 scrolls of teleportation {unknown}
 l - 5 scrolls of remove curse {unknown}
 m - a scroll of blinking {unknown}
 n - a scroll of fear {unknown}
 v - a scroll of fog {unknown}
Potions
 d - a potion of might
 k - a potion of lignification {unknown}
 o - a potion of cancellation {unknown}
 r - a potion of resistance {unknown}
 t - a potion of curing {unknown}
 w - a potion of flight {unknown}
 z - 2 potions of mutation {unknown}
Comestibles
 f - 6 rations
 B - 8 chunks of flesh


   Skills:
 + Level 4.4 Fighting
 * Level 3.9 Axes
 + Level 4.4 Armour
 + Level 4.4 Shields


You had 5 spell levels left.
You didn't know any spells.
Your spell library was empty.

Dungeon Overview and Level Annotations

Branches:
Dungeon (4/15)
 Temple: D:4-7

Altars:
Wu Jian
Xom
Zin


Innate Abilities, Weirdness & Mutations

You are resistant to torment.
Your stone body is resilient. (AC +4)
You are immune to poison.
You resist negative energy. (rN+)
You are resistant to electric shocks. (rElec)
You can survive without breathing.
You are immune to petrification.
You are immune to rotting.


Message History

You throw a poisoned dart. The poisoned dart hits the orc priest.
Throwing (i - inventory. (/) - cycle)
A - 10 poisoned darts (quivered)
Press: ? - help, Shift-Dir - straight line, f/p - orc priest
Aim: an orc priest (poisoned)
You throw a poisoned dart. The poisoned dart hits the orc priest.
The orc priest looks even sicker.
An orc comes into view.
Throwing (i - inventory. (/) - cycle)
A - 9 poisoned darts (quivered)
Press: ? - help, Shift-Dir - straight line, f/p - orc priest
Aim: an orc priest (lightly wounded, poisoned)
You throw a poisoned dart.
The poisoned dart closely misses the orc priest.
The poisoned dart hits the orc.
The orc shouts!
The orc priest invokes the aid of Beogh against you.
Beogh smites you!
* * * LOW HITPOINT WARNING * * *
The orc priest calls down the wrath of Beogh upon you.
Beogh smites you!
You die...

. .. ... #####
.... #...#
...o. #.#.#
.o....####.#.#
((ooo...@..#.#
##########.#.#
#.....##.#
#.###.##.#
.#.###.##.#
.........#.#
#.#.#......##.#
#.#.........#
#.......###.#


You could see an orc priest and 4 orcs.

Vanquished Creatures
  An ogre (D:3)
  A hound (D:4)
  An orc priest (D:2)
  A worker ant (D:2)
  4 adders
  2 dart slugs
  A leopard gecko (D:1)
  4 orcs (D:2)
  4 giant cockroaches
  11 goblins
  6 hobgoblins
  6 jackals
  14 bats
  6 frilled lizards
  5 kobolds
  16 rats
83 creatures vanquished.

Notes
Turn   | Place    | Note
-------+----------+-------------------------------------------
     0 | D:1      | Gwenloh the Gargoyle Fighter began the quest for the Orb.
     0 | D:1      | Reached XP level 1. HP: 14/14 MP: 1/1
   182 | D:1      | Reached XP level 2. HP: 19/19 MP: 2/2
   599 | D:1      | Reached XP level 3. HP: 23/23 MP: 3/3
   979 | D:2      | Reached XP level 4. HP: 7/29 MP: 4/4
  1321 | D:2      | Reached XP level 5. HP: 33/33 MP: 5/5
  2176 | D:3      | Found an ornate altar of the Wu Jian Council.
  2176 | D:3      | Found a faded altar of an unknown god.
  2188 | D:3      | Found a faded altar of an unknown god.
  2190 | D:3      | Found a shimmering altar of Xom.
  2191 | D:3      | Found a glowing silver altar of Zin.
  2264 | D:3      | Noticed an ogre
  2270 | D:3      | Killed an ogre
  2270 | D:3      | Reached XP level 6. HP: 39/39 MP: 6/6
  2651 | D:4      | Killed from afar by an orc priest

Levels and vault maps discovered:
D:1:      dpeg_arrival_pits, layout_loops_ring
D:2:      layout_rooms
D:3:      minmay_diamond_boxcup, layout_loops_ring,
          chequers_temple_overflow_minitemple
D:4:      layout_basic, uniq_edmund, uniq_grinder

Skill      XL: |  1  2  3  4 |
---------------+-------------+-----
Axes           | 2 3 |  3.9
Fighting       | 4 |  4.4
Armour         | 4 |  4.4
Shields        | 4 |  4.4

Action                   |  1- 3 |  4- 6 || total
-------------------------+-------+-------++-------
Melee: War axe           |   126 |   117 ||   243
Throw: Stone             |    88 |    49 ||   137
       Boomerang         |       |    13 ||    13
       Dart              |       |     5 ||     5
  Eat: Chunk             |       |     6 ||     6
Armor: Scale mail        |    70 |    78 ||   148
Dodge: Dodged            |    42 |    47 ||    89
Block: Shield            |    63 |    58 ||   121
